Map: Curious Minds LE

Players

Pumba - Winner!

  • Race: Protoss Protoss
  • League: Diamond
  • Spawn Location: 11:00

PooButt

  • Race: Protoss Protoss
  • League: Diamond
  • Spawn Location: 5:00

VOD

Have the link to the VOD?

Description

Time

  • Played on: March 8, 2022, 6:29 p.m.
  • Length: 3:59
Show
View Real Time Build Order
Export as new Build Order

Pumba Protoss - Winner!

Build Orders:  

Get SALT Encoding   

  12  0:02  Probe  
  13  0:14  Probe  
  13  0:19  Pylon  
  14  0:26  Probe (Chrono Boost)  
  15  0:38  Probe (Chrono Boost)  
  15  0:40  Gateway  
  16  0:47  Probe (Chrono Boost)  
  16  0:48  Assimilator  
  17  0:52  Probe  
  17  0:56  Assimilator  
  18  1:04  Probe (Chrono Boost)  
  19  1:14  Gateway  
  19  1:15  Probe (Chrono Boost)  
  20  1:23  Probe  
  21  1:28  Cybernetics Core  
  21  1:48  Zealot  
  23  2:12  Pylon  
  23  2:28  Shield Battery  
  23  2:29  Stalker  
  25  2:44  Stalker  
  25  2:50  Shield Battery  
  27  3:05  Stalker  
  29  3:17  Probe  
  29  3:19  Pylon  
Show
View Real Time Build Order
Export as new Build Order

PooButt Protoss 

Build Orders:  

Get SALT Encoding   

  12  0:01  Probe  
  13  0:13  Probe  
  14  0:19  Pylon  
  14  0:25  Probe  
  15  0:37  Probe (Chrono Boost)  
  15  0:38  Forge  
  16  0:48  Probe (Chrono Boost)  
  17  0:52  Probe (Chrono Boost)  
  18  1:29  Pylon  
  18  1:33  Pylon  
  17  1:52  Photon Cannon, Gateway  
  17  1:56  Pylon  
  17  1:59  Gateway  
  17  2:06  Pylon  
  17  2:11  Pylon  
  17  2:30  Photon Cannon  
  17  2:36  Probe (Chrono Boost)  
  17  2:44  Assimilator  
  17  2:46  Gateway  
  17  2:47  Probe (Chrono Boost)  
  17  2:48  Assimilator  
  18  2:55  Probe (Chrono Boost)  
  19  3:01  Probe (Chrono Boost), Cybernetics Core  
  20  3:08  Probe  
  21  3:20  Probe  
  22  3:27  Pylon  
  22  3:32  Probe  
  22  3:35  Photon Cannon  
  22  3:39  Photon Cannon  
  22  3:44  Probe  
  22  3:45  Photon Cannon  
Tags
 
Add a new tag
Caveats
  • Supply blocks, unpowered buildings, or Contaminate may cause inaccurate times.
  • Supply counts are checked every 10 seconds.